Workbook
Name Anno_Scelto: Calcoli!$B$3
Name Mese_Scelto: Calcoli!$B$4
Name Canale_Scelto: Calcoli!$B$5
Name N_Mese: Calcoli!$B$6
Name Inizio: Calcoli!$B$7
Name Fine: Calcoli!$B$8
Name Inizio_AP: Calcoli!$B$9
Name Fine_AP: Calcoli!$B$10
Name Crit_Canale: Calcoli!$B$11
Name Fatt_Clienti: Calcoli!$M$4:$M$31
Name Soglia_A: Calcoli!$R$4
Name Soglia_B: Calcoli!$R$5
Name Elenco_Mesi: Calcoli!$U$5:$U$16
Name Elenco_Anni: Calcoli!$T$4:$T$5
Name Elenco_Canali: Calcoli!$V$4:$V$8
Name Elenco_Mesi_Menu: Calcoli!$U$4:$U$16

Sheet Dati
A1: ID_Ordine | B1: Data | C1: ID_Cliente | D1: Canale | E1: Regione | F1: Categoria | G1: Quantità | H1: Prezzo_Unitario | I1: Costo_Unitario | J1: Fatturato | K1: Margine_Lordo | M1: Esempio ipotetico — orova.vn
A2: ORD-1001 | B2: 46025 | C2: CLI-082 | D2: E-commerce | E2: Nord | F2: Olio | G2: 6 | H2: 14 | I2: 8.5 | J2: =tbl_Vendite[[#This Row],[Quantità]]*tbl_Vendite[[#This Row],[Prezzo_Unitario]] | K2: =tbl_Vendite[[#This Row],[Fatturato]]-tbl_Vendite[[#This Row],[Quantità]]*tbl_Vendite[[#This Row],[Costo_Unitario]] | M2: Tabella di Excel tbl_Vendite (Passo 1): una riga per ordine, importi in euro, date gg/mm/aaaa. Le prime 8 righe (ORD-1001…ORD-1008, gennaio 2026) sono la tabella dell'articolo: fatturato 1.338,40 €, margine lordo 470,30 € (35,1%). Seguono gli ordini da febbraio a dicembre 2026 e, in fondo, lo storico 2025 caricato dopo (ORD-0870…ORD-1000): l'ordine delle righe non conta per SOMMA.PIÙ.SE. Fatturato e Margine_Lordo sono colonne calcolate. Incolla le righe nuove subito sotto l'ultima: la tabella si allarga da sola e i fogli Calcoli e Dashboard le includono all'istante.
A3: ORD-1002 | B3: 46026 | C3: CLI-114 | D3: Negozio | E3: Sud | F3: Pasta | G3: 12 | H3: 3.2 | I3: 1.6 | J3: =tbl_Vendite[[#This Row],[Quantità]]*tbl_Vendite[[#This Row],[Prezzo_Unitario]] | K3: =tbl_Vendite[[#This Row],[Fatturato]]-tbl_Vendite[[#This Row],[Quantità]]*tbl_Vendite[[#This Row],[Costo_Unitario]]
A4: ORD-1003 | B4: 46029 | C4: CLI-045 | D4: Agenti B2B | E4: Centro | F4: Conserve | G4: 48 | H4: 4.5 | I4: 2.7 | J4: =tbl_Vendite[[#This Row],[Quantità]]*tbl_Vendite[[#This Row],[Prezzo_Unitario]] | K4: =tbl_Vendite[[#This Row],[Fatturato]]-tbl_Vendite[[#This Row],[Quantità]]*tbl_Vendite[[#This Row],[Costo_Unitario]]
A5: ORD-1004 | B5: 46033 | C5: CLI-203 | D5: Marketplace | E5: Isole | F5: Vino | G5: 6 | H5: 18 | I5: 12.6 | J5: =tbl_Vendite[[#This Row],[Quantità]]*tbl_Vendite[[#This Row],[Prezzo_Unitario]] | K5: =tbl_Vendite[[#This Row],[Fatturato]]-tbl_Vendite[[#This Row],[Quantità]]*tbl_Vendite[[#This Row],[Costo_Unitario]]
A6: ORD-1005 | B6: 46037 | C6: CLI-082 | D6: E-commerce | E6: Nord | F6: Pasta | G6: 20 | H6: 3.2 | I6: 1.6 | J6: =tbl_Vendite[[#This Row],[Quantità]]*tbl_Vendite[[#This Row],[Prezzo_Unitario]] | K6: =tbl_Vendite[[#This Row],[Fatturato]]-tbl_Vendite[[#This Row],[Quantità]]*tbl_Vendite[[#This Row],[Costo_Unitario]]
A7: ORD-1006 | B7: 46040 | C7: CLI-019 | D7: Agenti B2B | E7: Nord | F7: Olio | G7: 60 | H7: 12.5 | I7: 8.5 | J7: =tbl_Vendite[[#This Row],[Quantità]]*tbl_Vendite[[#This Row],[Prezzo_Unitario]] | K7: =tbl_Vendite[[#This Row],[Fatturato]]-tbl_Vendite[[#This Row],[Quantità]]*tbl_Vendite[[#This Row],[Costo_Unitario]]
A8: ORD-1007 | B8: 46044 | C8: CLI-312 | D8: Marketplace | E8: Centro | F8: Olio | G8: 3 | H8: 14 | I8: 8.5 | J8: =tbl_Vendite[[#This Row],[Quantità]]*tbl_Vendite[[#This Row],[Prezzo_Unitario]] | K8: =tbl_Vendite[[#This Row],[Fatturato]]-tbl_Vendite[[#This Row],[Quantità]]*tbl_Vendite[[#This Row],[Costo_Unitario]]
A9: ORD-1008 | B9: 46050 | C9: CLI-114 | D9: Negozio | E9: Sud | F9: Vino | G9: 2 | H9: 18 | I9: 12.6 | J9: =tbl_Vendite[[#This Row],[Quantità]]*tbl_Vendite[[#This Row],[Prezzo_Unitario]] | K9: =tbl_Vendite[[#This Row],[Fatturato]]-tbl_Vendite[[#This Row],[Quantità]]*tbl_Vendite[[#This Row],[Costo_Unitario]]
A10: ORD-1009 | B10: 46054 | C10: CLI-298 | D10: E-commerce | E10: Nord | F10: Vino | G10: 20 | H10: 18 | I10: 12.6 | J10: =tbl_Vendite[[#This Row],[Quantità]]*tbl_Vendite[[#This Row],[Prezzo_Unitario]] | K10: =tbl_Vendite[[#This Row],[Fatturato]]-tbl_Vendite[[#This Row],[Quantità]]*tbl_Vendite[[#This Row],[Costo_Unitario]]
A11: ORD-1010 | B11: 46062 | C11: CLI-356 | D11: E-commerce | E11: Isole | F11: Olio | G11: 19 | H11: 14 | I11: 8.5 | J11: =tbl_Vendite[[#This Row],[Quantità]]*tbl_Vendite[[#This Row],[Prezzo_Unitario]] | K11: =tbl_Vendite[[#This Row],[Fatturato]]-tbl_Vendite[[#This Row],[Quantità]]*tbl_Vendite[[#This Row],[Costo_Unitario]]
A12: ORD-1011 | B12: 46063 | C12: CLI-069 | D12: Marketplace | E12: Isole | F12: Conserve | G12: 7 | H12: 4.5 | I12: 2.7 | J12: =tbl_Vendite[[#This Row],[Quantità]]*tbl_Vendite[[#This Row],[Prezzo_Unitario]] | K12: =tbl_Vendite[[#This Row],[Fatturato]]-tbl_Vendite[[#This Row],[Quantità]]*tbl_Vendite[[#This Row],[Costo_Unitario]]
A13: ORD-1012 | B13: 46066 | C13: CLI-011 | D13: Marketplace | E13: Sud | F13: Olio | G13: 7 | H13: 14 | I13: 8.5 | J13: =tbl_Vendite[[#This Row],[Quantità]]*tbl_Vendite[[#This Row],[Prezzo_Unitario]] | K13: =tbl_Vendite[[#This Row],[Fatturato]]-tbl_Vendite[[#This Row],[Quantità]]*tbl_Vendite[[#This Row],[Costo_Unitario]]
A14: ORD-1013 | B14: 46066 | C14: CLI-132 | D14: E-commerce | E14: Isole | F14: Pasta | G14: 9 | H14: 3.2 | I14: 1.6 | J14: =tbl_Vendite[[#This Row],[Quantità]]*tbl_Vendite[[#This Row],[Prezzo_Unitario]] | K14: =tbl_Vendite[[#This Row],[Fatturato]]-tbl_Vendite[[#This Row],[Quantità]]*tbl_Vendite[[#This Row],[Costo_Unitario]]
... A260: ORD-1000 | B260: 46019 | C260: CLI-393 | D260: Negozio | E260: Centro | F260: Conserve | G260: 12 | H260: 4.5 | I260: 2.7 | J260: =tbl_Vendite[[#This Row],[Quantità]]*tbl_Vendite[[#This Row],[Prezzo_Unitario]] | K260: =tbl_Vendite[[#This Row],[Fatturato]]-tbl_Vendite[[#This Row],[Quantità]]*tbl_Vendite[[#This Row],[Costo_Unitario]]

Sheet Calcoli
A1: Calcoli — KPI, riepiloghi e Pareto con SOMMA.PIÙ.SE (al posto delle tabelle pivot) | L1: Esempio ipotetico — orova.vn
A2: Nome | B2: Valore | C2: A cosa serve | L2: Pareto clienti (ABC) — periodo scelto | T2: Elenchi per i menu a discesa
A3: Anno_Scelto | B3: =Dashboard!C3 | C3: Anno scelto nel menu (Dashboard!C3) | E3: Indicatore | F3: Periodo scelto | G3: Anno precedente | H3: Variazione | L3: ID_Cliente | M3: Fatturato periodo | N3: Quota cumulata | O3: Classe | Q3: Soglie ABC (le decidi tu) | T3: Anno | U3: Mese | V3: Canale
A4: Mese_Scelto | B4: =Dashboard!F3 | C4: Tutti i mesi oppure Gennaio…Dicembre (Dashboard!F3) | E4: Fatturato | F4: =SUMIFS(tbl_Vendite[Fatturato],tbl_Vendite[Data],">="&Inizio,tbl_Vendite[Data],"<"&Fine,tbl_Vendite[Canale],Crit_Canale) | G4: =SUMIFS(tbl_Vendite[Fatturato],tbl_Vendite[Data],">="&Inizio_AP,tbl_Vendite[Data],"<"&Fine_AP,tbl_Vendite[Canale],Crit_Canale) | H4: =IF(G4=0,"",(F4-G4)/G4) | L4: CLI-011 | M4: =SUMIFS(tbl_Vendite[Fatturato],tbl_Vendite[ID_Cliente],L4,tbl_Vendite[Data],">="&Inizio,tbl_Vendite[Data],"<"&Fine) | N4: =IFERROR(SUMIF(Fatt_Clienti,">="&M4,Fatt_Clienti)/SUM(Fatt_Clienti),0) | O4: =IF(OR(Soglia_A="",Soglia_B=""),"—",IF(N4<=Soglia_A,"A",IF(N4<=Soglia_B,"B","C"))) | Q4: Soglia A (inserisci) | T4: 2025 | U4: Tutti i mesi | V4: Tutti i canali
A5: Canale_Scelto | B5: =Dashboard!I3 | C5: Tutti i canali oppure un canale (Dashboard!I3) | E5: Margine lordo | F5: =SUMIFS(tbl_Vendite[Margine_Lordo],tbl_Vendite[Data],">="&Inizio,tbl_Vendite[Data],"<"&Fine,tbl_Vendite[Canale],Crit_Canale) | G5: =SUMIFS(tbl_Vendite[Margine_Lordo],tbl_Vendite[Data],">="&Inizio_AP,tbl_Vendite[Data],"<"&Fine_AP,tbl_Vendite[Canale],Crit_Canale) | H5: =IF(G5=0,"",(F5-G5)/G5) | L5: CLI-019 | M5: =SUMIFS(tbl_Vendite[Fatturato],tbl_Vendite[ID_Cliente],L5,tbl_Vendite[Data],">="&Inizio,tbl_Vendite[Data],"<"&Fine) | N5: =IFERROR(SUMIF(Fatt_Clienti,">="&M5,Fatt_Clienti)/SUM(Fatt_Clienti),0) | O5: =IF(OR(Soglia_A="",Soglia_B=""),"—",IF(N5<=Soglia_A,"A",IF(N5<=Soglia_B,"B","C"))) | Q5: Soglia B (inserisci) | T5: 2026 | U5: Gennaio | V5: Negozio
A6: N_Mese | B6: =IF(B4="Tutti i mesi",0,MATCH(B4,Elenco_Mesi,0)) | C6: 0 = anno intero | E6: Margine % | F6: =IFERROR(F5/F4,0) | G6: =IFERROR(G5/G4,0) | H6: =IF(G4=0,"",(F6-G6)*100) | L6: CLI-027 | M6: =SUMIFS(tbl_Vendite[Fatturato],tbl_Vendite[ID_Cliente],L6,tbl_Vendite[Data],">="&Inizio,tbl_Vendite[Data],"<"&Fine) | N6: =IFERROR(SUMIF(Fatt_Clienti,">="&M6,Fatt_Clienti)/SUM(Fatt_Clienti),0) | O6: =IF(OR(Soglia_A="",Soglia_B=""),"—",IF(N6<=Soglia_A,"A",IF(N6<=Soglia_B,"B","C"))) | Q6: Scrivi in R4 e R5 la quota cumulata che chiude la classe A e la classe B (A < B), in base al tuo portafoglio. Finché le due celle sono vuote la colonna Classe mostra —. | U6: Febbraio | V6: E-commerce
A7: Inizio | B7: =IF(B6=0,DATE(B3,1,1),DATE(B3,B6,1)) | C7: Primo giorno del periodo | E7: Numero ordini | F7: =COUNTIFS(tbl_Vendite[Data],">="&Inizio,tbl_Vendite[Data],"<"&Fine,tbl_Vendite[Canale],Crit_Canale) | G7: =COUNTIFS(tbl_Vendite[Data],">="&Inizio_AP,tbl_Vendite[Data],"<"&Fine_AP,tbl_Vendite[Canale],Crit_Canale) | H7: =IF(G7=0,"",(F7-G7)/G7) | L7: CLI-037 | M7: =SUMIFS(tbl_Vendite[Fatturato],tbl_Vendite[ID_Cliente],L7,tbl_Vendite[Data],">="&Inizio,tbl_Vendite[Data],"<"&Fine) | N7: =IFERROR(SUMIF(Fatt_Clienti,">="&M7,Fatt_Clienti)/SUM(Fatt_Clienti),0) | O7: =IF(OR(Soglia_A="",Soglia_B=""),"—",IF(N7<=Soglia_A,"A",IF(N7<=Soglia_B,"B","C"))) | U7: Marzo | V7: Marketplace
A8: Fine | B8: =IF(B6=0,DATE(B3+1,1,1),DATE(B3,B6+1,1)) | C8: Primo giorno dopo il periodo | E8: Scontrino medio | F8: =IFERROR(F4/F7,0) | G8: =IFERROR(G4/G7,0) | H8: =IF(G8=0,"",(F8-G8)/G8) | L8: CLI-045 | M8: =SUMIFS(tbl_Vendite[Fatturato],tbl_Vendite[ID_Cliente],L8,tbl_Vendite[Data],">="&Inizio,tbl_Vendite[Data],"<"&Fine) | N8: =IFERROR(SUMIF(Fatt_Clienti,">="&M8,Fatt_Clienti)/SUM(Fatt_Clienti),0) | O8: =IF(OR(Soglia_A="",Soglia_B=""),"—",IF(N8<=Soglia_A,"A",IF(N8<=Soglia_B,"B","C"))) | U8: Aprile | V8: Agenti B2B
A9: Inizio_AP | B9: =EDATE(B7,-12) | C9: Stesso periodo, anno precedente | E9: Margine %: la variazione è la differenza in punti percentuali tra i due periodi. | L9: CLI-052 | M9: =SUMIFS(tbl_Vendite[Fatturato],tbl_Vendite[ID_Cliente],L9,tbl_Vendite[Data],">="&Inizio,tbl_Vendite[Data],"<"&Fine) | N9: =IFERROR(SUMIF(Fatt_Clienti,">="&M9,Fatt_Clienti)/SUM(Fatt_Clienti),0) | O9: =IF(OR(Soglia_A="",Soglia_B=""),"—",IF(N9<=Soglia_A,"A",IF(N9<=Soglia_B,"B","C"))) | U9: Maggio
A10: Fine_AP | B10: =EDATE(B8,-12) | C10: Fine del periodo, anno precedente | L10: CLI-069 | M10: =SUMIFS(tbl_Vendite[Fatturato],tbl_Vendite[ID_Cliente],L10,tbl_Vendite[Data],">="&Inizio,tbl_Vendite[Data],"<"&Fine) | N10: =IFERROR(SUMIF(Fatt_Clienti,">="&M10,Fatt_Clienti)/SUM(Fatt_Clienti),0) | O10: =IF(OR(Soglia_A="",Soglia_B=""),"—",IF(N10<=Soglia_A,"A",IF(N10<=Soglia_B,"B","C"))) | U10: Giugno
A11: Crit_Canale | B11: =IF(B5="Tutti i canali","*",B5) | C11: L'asterisco include tutti i canali | L11: CLI-082 | M11: =SUMIFS(tbl_Vendite[Fatturato],tbl_Vendite[ID_Cliente],L11,tbl_Vendite[Data],">="&Inizio,tbl_Vendite[Data],"<"&Fine) | N11: =IFERROR(SUMIF(Fatt_Clienti,">="&M11,Fatt_Clienti)/SUM(Fatt_Clienti),0) | O11: =IF(OR(Soglia_A="",Soglia_B=""),"—",IF(N11<=Soglia_A,"A",IF(N11<=Soglia_B,"B","C"))) | U11: Luglio
L12: CLI-114 | M12: =SUMIFS(tbl_Vendite[Fatturato],tbl_Vendite[ID_Cliente],L12,tbl_Vendite[Data],">="&Inizio,tbl_Vendite[Data],"<"&Fine) | N12: =IFERROR(SUMIF(Fatt_Clienti,">="&M12,Fatt_Clienti)/SUM(Fatt_Clienti),0) | O12: =IF(OR(Soglia_A="",Soglia_B=""),"—",IF(N12<=Soglia_A,"A",IF(N12<=Soglia_B,"B","C"))) | Q12: Elenco clienti in L: valori incollati e Rimuovi duplicati. In Microsoft 365 puoi usare la funzione UNICI su tbl_Vendite[ID_Cliente]. | U12: Agosto
A13: Riepilogo mensile — fatturato (filtro Anno + Canale) | F13: Per categoria — fatturato del periodo | L13: CLI-116 | M13: =SUMIFS(tbl_Vendite[Fatturato],tbl_Vendite[ID_Cliente],L13,tbl_Vendite[Data],">="&Inizio,tbl_Vendite[Data],"<"&Fine) | N13: =IFERROR(SUMIF(Fatt_Clienti,">="&M13,Fatt_Clienti)/SUM(Fatt_Clienti),0) | O13: =IF(OR(Soglia_A="",Soglia_B=""),"—",IF(N13<=Soglia_A,"A",IF(N13<=Soglia_B,"B","C"))) | U13: Settembre
A14: N | B14: Mese | C14: =Anno_Scelto | D14: =Anno_Scelto-1 | F14: Categoria | G14: Fatturato | L14: CLI-117 | M14: =SUMIFS(tbl_Vendite[Fatturato],tbl_Vendite[ID_Cliente],L14,tbl_Vendite[Data],">="&Inizio,tbl_Vendite[Data],"<"&Fine) | N14: =IFERROR(SUMIF(Fatt_Clienti,">="&M14,Fatt_Clienti)/SUM(Fatt_Clienti),0) | O14: =IF(OR(Soglia_A="",Soglia_B=""),"—",IF(N14<=Soglia_A,"A",IF(N14<=Soglia_B,"B","C"))) | U14: Ottobre
A15: 1 | B15: Gen | C15: =SUMIFS(tbl_Vendite[Fatturato],tbl_Vendite[Data],">="&DATE(Anno_Scelto,A15,1),tbl_Vendite[Data],"<"&DATE(Anno_Scelto,A15+1,1),tbl_Vendite[Canale],Crit_Canale) | D15: =SUMIFS(tbl_Vendite[Fatturato],tbl_Vendite[Data],">="&DATE(Anno_Scelto-1,A15,1),tbl_Vendite[Data],"<"&DATE(Anno_Scelto-1,A15+1,1),tbl_Vendite[Canale],Crit_Canale) | F15: Olio | G15: =SUMIFS(tbl_Vendite[Fatturato],tbl_Vendite[Data],">="&Inizio,tbl_Vendite[Data],"<"&Fine,tbl_Vendite[Canale],Crit_Canale,tbl_Vendite[Categoria],F15) | L15: CLI-132 | M15: =SUMIFS(tbl_Vendite[Fatturato],tbl_Vendite[ID_Cliente],L15,tbl_Vendite[Data],">="&Inizio,tbl_Vendite[Data],"<"&Fine) | N15: =IFERROR(SUMIF(Fatt_Clienti,">="&M15,Fatt_Clienti)/SUM(Fatt_Clienti),0) | O15: =IF(OR(Soglia_A="",Soglia_B=""),"—",IF(N15<=Soglia_A,"A",IF(N15<=Soglia_B,"B","C"))) | U15: Novembre
A16: 2 | B16: Feb | C16: =SUMIFS(tbl_Vendite[Fatturato],tbl_Vendite[Data],">="&DATE(Anno_Scelto,A16,1),tbl_Vendite[Data],"<"&DATE(Anno_Scelto,A16+1,1),tbl_Vendite[Canale],Crit_Canale) | D16: =SUMIFS(tbl_Vendite[Fatturato],tbl_Vendite[Data],">="&DATE(Anno_Scelto-1,A16,1),tbl_Vendite[Data],"<"&DATE(Anno_Scelto-1,A16+1,1),tbl_Vendite[Canale],Crit_Canale) | F16: Pasta | G16: =SUMIFS(tbl_Vendite[Fatturato],tbl_Vendite[Data],">="&Inizio,tbl_Vendite[Data],"<"&Fine,tbl_Vendite[Canale],Crit_Canale,tbl_Vendite[Categoria],F16) | L16: CLI-140 | M16: =SUMIFS(tbl_Vendite[Fatturato],tbl_Vendite[ID_Cliente],L16,tbl_Vendite[Data],">="&Inizio,tbl_Vendite[Data],"<"&Fine) | N16: =IFERROR(SUMIF(Fatt_Clienti,">="&M16,Fatt_Clienti)/SUM(Fatt_Clienti),0) | O16: =IF(OR(Soglia_A="",Soglia_B=""),"—",IF(N16<=Soglia_A,"A",IF(N16<=Soglia_B,"B","C"))) | U16: Dicembre
A17: 3 | B17: Mar | C17: =SUMIFS(tbl_Vendite[Fatturato],tbl_Vendite[Data],">="&DATE(Anno_Scelto,A17,1),tbl_Vendite[Data],"<"&DATE(Anno_Scelto,A17+1,1),tbl_Vendite[Canale],Crit_Canale) | D17: =SUMIFS(tbl_Vendite[Fatturato],tbl_Vendite[Data],">="&DATE(Anno_Scelto-1,A17,1),tbl_Vendite[Data],"<"&DATE(Anno_Scelto-1,A17+1,1),tbl_Vendite[Canale],Crit_Canale) | F17: Conserve | G17: =SUMIFS(tbl_Vendite[Fatturato],tbl_Vendite[Data],">="&Inizio,tbl_Vendite[Data],"<"&Fine,tbl_Vendite[Canale],Crit_Canale,tbl_Vendite[Categoria],F17) | L17: CLI-184 | M17: =SUMIFS(tbl_Vendite[Fatturato],tbl_Vendite[ID_Cliente],L17,tbl_Vendite[Data],">="&Inizio,tbl_Vendite[Data],"<"&Fine) | N17: =IFERROR(SUMIF(Fatt_Clienti,">="&M17,Fatt_Clienti)/SUM(Fatt_Clienti),0) | O17: =IF(OR(Soglia_A="",Soglia_B=""),"—",IF(N17<=Soglia_A,"A",IF(N17<=Soglia_B,"B","C")))
A18: 4 | B18: Apr | C18: =SUMIFS(tbl_Vendite[Fatturato],tbl_Vendite[Data],">="&DATE(Anno_Scelto,A18,1),tbl_Vendite[Data],"<"&DATE(Anno_Scelto,A18+1,1),tbl_Vendite[Canale],Crit_Canale) | D18: =SUMIFS(tbl_Vendite[Fatturato],tbl_Vendite[Data],">="&DATE(Anno_Scelto-1,A18,1),tbl_Vendite[Data],"<"&DATE(Anno_Scelto-1,A18+1,1),tbl_Vendite[Canale],Crit_Canale) | F18: Vino | G18: =SUMIFS(tbl_Vendite[Fatturato],tbl_Vendite[Data],">="&Inizio,tbl_Vendite[Data],"<"&Fine,tbl_Vendite[Canale],Crit_Canale,tbl_Vendite[Categoria],F18) | L18: CLI-187 | M18: =SUMIFS(tbl_Vendite[Fatturato],tbl_Vendite[ID_Cliente],L18,tbl_Vendite[Data],">="&Inizio,tbl_Vendite[Data],"<"&Fine) | N18: =IFERROR(SUMIF(Fatt_Clienti,">="&M18,Fatt_Clienti)/SUM(Fatt_Clienti),0) | O18: =IF(OR(Soglia_A="",Soglia_B=""),"—",IF(N18<=Soglia_A,"A",IF(N18<=Soglia_B,"B","C")))
A19: 5 | B19: Mag | C19: =SUMIFS(tbl_Vendite[Fatturato],tbl_Vendite[Data],">="&DATE(Anno_Scelto,A19,1),tbl_Vendite[Data],"<"&DATE(Anno_Scelto,A19+1,1),tbl_Vendite[Canale],Crit_Canale) | D19: =SUMIFS(tbl_Vendite[Fatturato],tbl_Vendite[Data],">="&DATE(Anno_Scelto-1,A19,1),tbl_Vendite[Data],"<"&DATE(Anno_Scelto-1,A19+1,1),tbl_Vendite[Canale],Crit_Canale) | F19: Totale | G19: =SUM(G15:G18) | L19: CLI-203 | M19: =SUMIFS(tbl_Vendite[Fatturato],tbl_Vendite[ID_Cliente],L19,tbl_Vendite[Data],">="&Inizio,tbl_Vendite[Data],"<"&Fine) | N19: =IFERROR(SUMIF(Fatt_Clienti,">="&M19,Fatt_Clienti)/SUM(Fatt_Clienti),0) | O19: =IF(OR(Soglia_A="",Soglia_B=""),"—",IF(N19<=Soglia_A,"A",IF(N19<=Soglia_B,"B","C")))
A20: 6 | B20: Giu | C20: =SUMIFS(tbl_Vendite[Fatturato],tbl_Vendite[Data],">="&DATE(Anno_Scelto,A20,1),tbl_Vendite[Data],"<"&DATE(Anno_Scelto,A20+1,1),tbl_Vendite[Canale],Crit_Canale) | D20: =SUMIFS(tbl_Vendite[Fatturato],tbl_Vendite[Data],">="&DATE(Anno_Scelto-1,A20,1),tbl_Vendite[Data],"<"&DATE(Anno_Scelto-1,A20+1,1),tbl_Vendite[Canale],Crit_Canale) | F20: Per canale — numero ordini del periodo | L20: CLI-218 | M20: =SUMIFS(tbl_Vendite[Fatturato],tbl_Vendite[ID_Cliente],L20,tbl_Vendite[Data],">="&Inizio,tbl_Vendite[Data],"<"&Fine) | N20: =IFERROR(SUMIF(Fatt_Clienti,">="&M20,Fatt_Clienti)/SUM(Fatt_Clienti),0) | O20: =IF(OR(Soglia_A="",Soglia_B=""),"—",IF(N20<=Soglia_A,"A",IF(N20<=Soglia_B,"B","C")))
A21: 7 | B21: Lug | C21: =SUMIFS(tbl_Vendite[Fatturato],tbl_Vendite[Data],">="&DATE(Anno_Scelto,A21,1),tbl_Vendite[Data],"<"&DATE(Anno_Scelto,A21+1,1),tbl_Vendite[Canale],Crit_Canale) | D21: =SUMIFS(tbl_Vendite[Fatturato],tbl_Vendite[Data],">="&DATE(Anno_Scelto-1,A21,1),tbl_Vendite[Data],"<"&DATE(Anno_Scelto-1,A21+1,1),tbl_Vendite[Canale],Crit_Canale) | F21: Canale | G21: Numero ordini | L21: CLI-226 | M21: =SUMIFS(tbl_Vendite[Fatturato],tbl_Vendite[ID_Cliente],L21,tbl_Vendite[Data],">="&Inizio,tbl_Vendite[Data],"<"&Fine) | N21: =IFERROR(SUMIF(Fatt_Clienti,">="&M21,Fatt_Clienti)/SUM(Fatt_Clienti),0) | O21: =IF(OR(Soglia_A="",Soglia_B=""),"—",IF(N21<=Soglia_A,"A",IF(N21<=Soglia_B,"B","C")))
A22: 8 | B22: Ago | C22: =SUMIFS(tbl_Vendite[Fatturato],tbl_Vendite[Data],">="&DATE(Anno_Scelto,A22,1),tbl_Vendite[Data],"<"&DATE(Anno_Scelto,A22+1,1),tbl_Vendite[Canale],Crit_Canale) | D22: =SUMIFS(tbl_Vendite[Fatturato],tbl_Vendite[Data],">="&DATE(Anno_Scelto-1,A22,1),tbl_Vendite[Data],"<"&DATE(Anno_Scelto-1,A22+1,1),tbl_Vendite[Canale],Crit_Canale) | F22: Negozio | G22: =COUNTIFS(tbl_Vendite[Data],">="&Inizio,tbl_Vendite[Data],"<"&Fine,tbl_Vendite[Canale],F22) | L22: CLI-242 | M22: =SUMIFS(tbl_Vendite[Fatturato],tbl_Vendite[ID_Cliente],L22,tbl_Vendite[Data],">="&Inizio,tbl_Vendite[Data],"<"&Fine) | N22: =IFERROR(SUMIF(Fatt_Clienti,">="&M22,Fatt_Clienti)/SUM(Fatt_Clienti),0) | O22: =IF(OR(Soglia_A="",Soglia_B=""),"—",IF(N22<=Soglia_A,"A",IF(N22<=Soglia_B,"B","C")))
A23: 9 | B23: Set | C23: =SUMIFS(tbl_Vendite[Fatturato],tbl_Vendite[Data],">="&DATE(Anno_Scelto,A23,1),tbl_Vendite[Data],"<"&DATE(Anno_Scelto,A23+1,1),tbl_Vendite[Canale],Crit_Canale) | D23: =SUMIFS(tbl_Vendite[Fatturato],tbl_Vendite[Data],">="&DATE(Anno_Scelto-1,A23,1),tbl_Vendite[Data],"<"&DATE(Anno_Scelto-1,A23+1,1),tbl_Vendite[Canale],Crit_Canale) | F23: E-commerce | G23: =COUNTIFS(tbl_Vendite[Data],">="&Inizio,tbl_Vendite[Data],"<"&Fine,tbl_Vendite[Canale],F23) | L23: CLI-253 | M23: =SUMIFS(tbl_Vendite[Fatturato],tbl_Vendite[ID_Cliente],L23,tbl_Vendite[Data],">="&Inizio,tbl_Vendite[Data],"<"&Fine) | N23: =IFERROR(SUMIF(Fatt_Clienti,">="&M23,Fatt_Clienti)/SUM(Fatt_Clienti),0) | O23: =IF(OR(Soglia_A="",Soglia_B=""),"—",IF(N23<=Soglia_A,"A",IF(N23<=Soglia_B,"B","C")))
A24: 10 | B24: Ott | C24: =SUMIFS(tbl_Vendite[Fatturato],tbl_Vendite[Data],">="&DATE(Anno_Scelto,A24,1),tbl_Vendite[Data],"<"&DATE(Anno_Scelto,A24+1,1),tbl_Vendite[Canale],Crit_Canale) | D24: =SUMIFS(tbl_Vendite[Fatturato],tbl_Vendite[Data],">="&DATE(Anno_Scelto-1,A24,1),tbl_Vendite[Data],"<"&DATE(Anno_Scelto-1,A24+1,1),tbl_Vendite[Canale],Crit_Canale) | F24: Marketplace | G24: =COUNTIFS(tbl_Vendite[Data],">="&Inizio,tbl_Vendite[Data],"<"&Fine,tbl_Vendite[Canale],F24) | L24: CLI-279 | M24: =SUMIFS(tbl_Vendite[Fatturato],tbl_Vendite[ID_Cliente],L24,tbl_Vendite[Data],">="&Inizio,tbl_Vendite[Data],"<"&Fine) | N24: =IFERROR(SUMIF(Fatt_Clienti,">="&M24,Fatt_Clienti)/SUM(Fatt_Clienti),0) | O24: =IF(OR(Soglia_A="",Soglia_B=""),"—",IF(N24<=Soglia_A,"A",IF(N24<=Soglia_B,"B","C")))
A25: 11 | B25: Nov | C25: =SUMIFS(tbl_Vendite[Fatturato],tbl_Vendite[Data],">="&DATE(Anno_Scelto,A25,1),tbl_Vendite[Data],"<"&DATE(Anno_Scelto,A25+1,1),tbl_Vendite[Canale],Crit_Canale) | D25: =SUMIFS(tbl_Vendite[Fatturato],tbl_Vendite[Data],">="&DATE(Anno_Scelto-1,A25,1),tbl_Vendite[Data],"<"&DATE(Anno_Scelto-1,A25+1,1),tbl_Vendite[Canale],Crit_Canale) | F25: Agenti B2B | G25: =COUNTIFS(tbl_Vendite[Data],">="&Inizio,tbl_Vendite[Data],"<"&Fine,tbl_Vendite[Canale],F25) | L25: CLI-298 | M25: =SUMIFS(tbl_Vendite[Fatturato],tbl_Vendite[ID_Cliente],L25,tbl_Vendite[Data],">="&Inizio,tbl_Vendite[Data],"<"&Fine) | N25: =IFERROR(SUMIF(Fatt_Clienti,">="&M25,Fatt_Clienti)/SUM(Fatt_Clienti),0) | O25: =IF(OR(Soglia_A="",Soglia_B=""),"—",IF(N25<=Soglia_A,"A",IF(N25<=Soglia_B,"B","C")))
A26: 12 | B26: Dic | C26: =SUMIFS(tbl_Vendite[Fatturato],tbl_Vendite[Data],">="&DATE(Anno_Scelto,A26,1),tbl_Vendite[Data],"<"&DATE(Anno_Scelto,A26+1,1),tbl_Vendite[Canale],Crit_Canale) | D26: =SUMIFS(tbl_Vendite[Fatturato],tbl_Vendite[Data],">="&DATE(Anno_Scelto-1,A26,1),tbl_Vendite[Data],"<"&DATE(Anno_Scelto-1,A26+1,1),tbl_Vendite[Canale],Crit_Canale) | F26: Totale | G26: =SUM(G22:G25) | L26: CLI-305 | M26: =SUMIFS(tbl_Vendite[Fatturato],tbl_Vendite[ID_Cliente],L26,tbl_Vendite[Data],">="&Inizio,tbl_Vendite[Data],"<"&Fine) | N26: =IFERROR(SUMIF(Fatt_Clienti,">="&M26,Fatt_Clienti)/SUM(Fatt_Clienti),0) | O26: =IF(OR(Soglia_A="",Soglia_B=""),"—",IF(N26<=Soglia_A,"A",IF(N26<=Soglia_B,"B","C")))
B27: Totale | C27: =SUM(C15:C26) | D27: =SUM(D15:D26) | L27: CLI-312 | M27: =SUMIFS(tbl_Vendite[Fatturato],tbl_Vendite[ID_Cliente],L27,tbl_Vendite[Data],">="&Inizio,tbl_Vendite[Data],"<"&Fine) | N27: =IFERROR(SUMIF(Fatt_Clienti,">="&M27,Fatt_Clienti)/SUM(Fatt_Clienti),0) | O27: =IF(OR(Soglia_A="",Soglia_B=""),"—",IF(N27<=Soglia_A,"A",IF(N27<=Soglia_B,"B","C")))
L28: CLI-321 | M28: =SUMIFS(tbl_Vendite[Fatturato],tbl_Vendite[ID_Cliente],L28,tbl_Vendite[Data],">="&Inizio,tbl_Vendite[Data],"<"&Fine) | N28: =IFERROR(SUMIF(Fatt_Clienti,">="&M28,Fatt_Clienti)/SUM(Fatt_Clienti),0) | O28: =IF(OR(Soglia_A="",Soglia_B=""),"—",IF(N28<=Soglia_A,"A",IF(N28<=Soglia_B,"B","C")))
L29: CLI-347 | M29: =SUMIFS(tbl_Vendite[Fatturato],tbl_Vendite[ID_Cliente],L29,tbl_Vendite[Data],">="&Inizio,tbl_Vendite[Data],"<"&Fine) | N29: =IFERROR(SUMIF(Fatt_Clienti,">="&M29,Fatt_Clienti)/SUM(Fatt_Clienti),0) | O29: =IF(OR(Soglia_A="",Soglia_B=""),"—",IF(N29<=Soglia_A,"A",IF(N29<=Soglia_B,"B","C")))
A30: Questo file calcola con SOMMA.PIÙ.SE e CONTA.PIÙ.SE invece che con tabelle pivot e filtri dei dati, perché si aggiorna da solo quando aggiungi righe a tbl_Vendite (niente Aggiorna tutti) e si apre uguale in Excel, Google Fogli e LibreOffice. La tabella pivot del Passo 3 resta il modo per controllare i totali: il totale generale di Fatturato deve coincidere con C27 (Tutti i mesi, Tutti i canali). I fogli Calcoli e Dashboard sono protetti senza password (Revisione > Rimuovi protezione foglio). | L30: CLI-356 | M30: =SUMIFS(tbl_Vendite[Fatturato],tbl_Vendite[ID_Cliente],L30,tbl_Vendite[Data],">="&Inizio,tbl_Vendite[Data],"<"&Fine) | N30: =IFERROR(SUMIF(Fatt_Clienti,">="&M30,Fatt_Clienti)/SUM(Fatt_Clienti),0) | O30: =IF(OR(Soglia_A="",Soglia_B=""),"—",IF(N30<=Soglia_A,"A",IF(N30<=Soglia_B,"B","C")))
L31: CLI-393 | M31: =SUMIFS(tbl_Vendite[Fatturato],tbl_Vendite[ID_Cliente],L31,tbl_Vendite[Data],">="&Inizio,tbl_Vendite[Data],"<"&Fine) | N31: =IFERROR(SUMIF(Fatt_Clienti,">="&M31,Fatt_Clienti)/SUM(Fatt_Clienti),0) | O31: =IF(OR(Soglia_A="",Soglia_B=""),"—",IF(N31<=Soglia_A,"A",IF(N31<=Soglia_B,"B","C")))

Sheet Dashboard
B2: Analisi delle vendite | I2: Esempio ipotetico — orova.vn
B3: Anno | C3: 2026 | E3: Mese | F3: Gennaio | H3: Canale | I3: Tutti i canali
B5: FATTURATO | E5: MARGINE % | H5: NUMERO ORDINI | K5: SCONTRINO MEDIO
B6: =Calcoli!$F$4 | E6: =Calcoli!$F$6 | H6: =Calcoli!$F$7 | K6: =Calcoli!$F$8
B7: =Calcoli!$H$4 | E7: =Calcoli!$H$6 | H7: =Calcoli!$H$7 | K7: =Calcoli!$H$8
B8: =Calcoli!$G$4 | E8: =Calcoli!$G$6 | H8: =Calcoli!$G$7 | K8: =Calcoli!$G$8
B42: Come funziona questo file
B43: I menu a discesa Anno (C3), Mese (F3) e Canale (I3) sostituiscono i filtri dei dati: scegli un valore e schede e grafici cambiano insieme. Le schede leggono Calcoli!F4, F6, F7 e F8; la freccia ▲/▼ è la variazione rispetto allo stesso periodo dell'anno precedente (colonna H). Tutto è calcolato con SOMMA.PIÙ.SE e CONTA.PIÙ.SE su tbl_Vendite, quindi non serve Aggiorna tutti. Il grafico mensile mostra sempre i 12 mesi dell'anno scelto; categoria e canale seguono il periodo. Dashboard e Calcoli sono protetti senza password e solo le tre celle dei menu sono sbloccate; il foglio Dati resta libero per le righe nuove.
B47: Esempio ipotetico — orova.vn
